 Dungeon Crawl Stone Soup version 0.27-a0-93-g19769c27d7 (webtiles) character file.

Game seed: 16321573369129313583

419 spulaser the Ruffian (level 6, -1/61 HPs)
             Began as a Troll Berserker on Jan 16, 2021.
             Was a Priest of Trog.
             Slain by a scorpion (3 damage)
             ... on level 4 of the Dungeon.
             The game lasted 00:17:47 (3352 turns).

spulaser the Ruffian (Troll Berserker)              Turns: 3352, Time: 00:17:48

Health: -1/61      AC:  8    Str: 27    XL:     6   Next: 62%
Magic:  5/5        EV: 11    Int:  3    God:    Trog [***...]
Gold:   224        SH:  0    Dex: 10    Spells: 5/5 levels left

rFire    . . .     SeeInvis .     - Unarmed
rCold    . . .     Faith    .   (no shield)
rNeg     . . .     Spirit   .   a - +0 animal skin
rPois    .         Reflect  .   g - +2 hat
rElec    .         Harm     .   (no cloak)
rCorr    .         Rampage  .   (gloves unavailable)
Will     .....                  (boots unavailable)
Stlth    +.........             (no amulet)
HPRegen  0.60/turn              (no ring)
MPRegen  0.09/turn              (no ring)

@: lethally poisoned (-1 -> -2), slowed, very slow
A: large, unfitting armour, claws 3, regeneration 1, shaggy fur 1, tough skin 3
a: Renounce Religion, Berserk, Trog's Hand


You were on level 4 of the Dungeon.
You worshipped Trog.
Trog was most pleased with you.
You visited 1 branch of the dungeon, and saw 4 of its levels.

You collected 224 gold pieces.

Inventory:

Missiles
 d - 40 arrows
Armour
 a - a +0 animal skin (worn)
 g - a +2 hat (worn)
 k - a +0 pair of gloves
Jewellery
 m - an uncursed amulet of the acrobat {unknown}
 u - a +6 ring of dexterity {unknown}
Scrolls
 c - 8 scrolls of remove curse {unknown}
 e - 3 scrolls of identify {unknown}
 j - 2 scrolls of teleportation {unknown}
 n - a scroll of amnesia {unknown}
 o - a scroll of magic mapping {unknown}
 p - a scroll of random uselessness {unknown}
 s - a scroll of enchant weapon {unknown}
Potions
 b - a potion of berserk rage {unknown}
 f - a potion of degeneration {unknown}
 h - a potion of curing {unknown}
 i - a potion of haste {unknown}
 l - 2 potions of heal wounds {unknown}
 q - a potion of brilliance {unknown}
 r - a potion of attraction {unknown}
 t - a potion of invisibility {unknown}


   Skills:
 + Level 3.0 Fighting
 + Level 3.7 Dodging
 + Level 0.6 Stealth
 + Level 6.0 Unarmed Combat


You had 5 spell levels left.
You didn't know any spells.
Your spell library was empty.

Dungeon Overview and Level Annotations

Branches:
Dungeon (4/15)
 Temple: D:4-7

Altars:


Innate Abilities, Weirdness & Mutations

You are too large for most types of armour.
You have claws for hands.
Your natural rate of healing is unusually fast.
You are covered in fur. (AC +1)
You have extremely tough skin. (AC +3)


Message History

You closely miss the orc wizard.
The orc wizard is moderately wounded.
You feel sick.
The orc wizard hits you but does no damage.
The scorpion stings you but does no damage.
The orc wizard hits you with a +0 dagger.
* * * LOW HITPOINT WARNING * * *
The scorpion stings you.
* * * LOW HITPOINT WARNING * * *
You scratch the orc wizard but do no damage.
The orc wizard is moderately wounded.
The orc wizard is no longer moving quickly.
The orc wizard points at you and mumbles some strange words.
The magic dart hits you but does no damage.
The orc wizard misses you.
The orc wizard gestures at you while chanting.
The magic dart hits you.
* * * LOW HITPOINT WARNING * * *
The scorpion stings you.
You die...

..............#
.......>....#
.#.#.#.#....#
......†)....##
.#.#.#..†.?..##
..............##
.#.#.#.o.......#
......so#......#####
.#.#.#.@##.....#...####
.......o##.#..)#.#.##<#
#.......##.#.....#.##.#
###.....#..#..####....#
##...).........#.##.#
#)#.#.#.#...#.#.....#
#...........#.#.##.##
#.#.#.#.#.....#######
...............#...#


You could see a scorpion, 2 orc wizards and an orc.

Vanquished Creatures
  A scorpion (D:4)
  A hound (D:4)
  An orc priest (D:3)
  3 orc wizards
  A worker ant (D:4)
  5 adders
  3 gnolls (D:2)
  A white imp (D:3)
  3 oozes (D:3)
  2 worms (D:3)
  An adder skeleton (D:4)
  4 dart slugs
  4 leopard geckos
  10 orcs
  A ball python (D:1)
  9 bats
  4 giant cockroaches
  5 goblins
  9 hobgoblins
  2 quokkas (D:4)
  5 frilled lizards
  5 kobolds
  9 rats
89 creatures vanquished.

Notes
Turn   | Place    | Note
-------+----------+-------------------------------------------
     0 | D:1      | spulaser the Troll Berserker began the quest for the Orb.
     0 | D:1      | Reached XP level 1. HP: 22/22 MP: 0/0
    51 | D:1      | Reached XP level 2. HP: 27/29 MP: 1/1
   626 | D:1      | Reached XP level 3. HP: 36/36 MP: 2/2
  1225 | D:2      | Reached skill level 4 in Unarmed Combat
  1395 | D:2      | Reached XP level 4. HP: 44/44 MP: 3/3
  1411 | D:2      | Reached ** piety under Trog
  1947 | D:2      | Reached XP level 5. HP: 45/52 MP: 4/4
  2172 | D:3      | Reached skill level 5 in Unarmed Combat
  3179 | D:4      | Reached XP level 6. HP: 58/59 MP: 5/5
  3207 | D:4      | Reached *** piety under Trog
  3337 | D:4      | Reached skill level 6 in Unarmed Combat
  3352 | D:4      | HP: 2/61 [orc wizard/magic dart (4)]
  3352 | D:4      | Slain by a scorpion

Illustrated notes

Levels and vault maps discovered:
D:1:      dpeg_arrival_solitude, layout_basic
D:2:      layout_basic, kennysheep_nondescript, minmay_tiny_reverse_x
D:3:      minmay_general_purpose_star, layout_loops_ring
D:4:      layout_basic, nicolae_ru_path_of_blood, serial_glass, glass_columns_a,
          glass_columns_a, glass_columns_c, glass_columns_b, glass_columns_c,
          glass_columns_a, glass_columns_c, glass_columns_b, item_on_display_a,
          feat_on_display, feat_on_display, minmay_fountain_box

Skill      XL: |  1  2  3  4  5  6 |
---------------+-------------------+-----
Dodging        | 3 |  3.7
Unarmed Combat | 4 5 6 |  6.0
Fighting       | 3 |  3.0
Stealth        | |  0.6

Action                   |  1- 3 |  4- 6 || total
-------------------------+-------+-------++-------
Melee: Unarmed           |    83 |   183 ||   266
       Punch             |       |     2 ||     2
 Stab: Sleeping          |     1 |       ||     1
Armor: Animal skin       |    38 |    93 ||   131
Dodge: Dodged            |    39 |    99 ||   138

Table legend: (Time is in decaauts)
 A = Elapsed time spent in this place.
 B = Non-inter-level travel time spent in this place.
 C = Inter-level travel time spent in this place.
 D = Time resting spent in this place.
 E = Time spent auto-exploring this place.
 F = Levels seen in this place.
 G = Mean time per level.
                   A        B        C        D        E       F      G
               +--------+--------+--------+--------+--------+-----+--------+
         Total |   3342 |   1403 |   1939 |      0 |    500 |   4 |  835.5 |
       Dungeon |   3342 |   1403 |   1939 |      0 |    500 |   4 |  835.5 |
               +--------+--------+--------+--------+--------+-----+--------+

Top non-repeatable levels by time:
     D:2: 1134 daAuts
     D:3: 1122 daAuts
     D:1: 893 daAuts
     D:4: 191 daAuts
